 Dungeon Crawl Stone Soup version 0.31-a0-1476-g8a4046af8c (webtiles) character file.

Game seed: 3397237752398781539

1979525 Ge0ff the Mimic (level 26, 228/228 HPs)
             Began as a Vampire Hedge Wizard on Dec 29, 2023.
             Was the Champion of Ashenzari.
             Escaped with the Orb
             ... and 4 runes on Dec 30, 2023!
             The game lasted 04:31:46 (90474 turns).

Ge0ff the Mimic (Vampire Hedge Wizard)             Turns: 90474, Time: 04:31:46

Health: 228/228    AC: 20    Str: 21    XL:     26   Next: 27%
Magic:  58/58      EV: 30    Int: 45    God:    Ashenzari [******]
Gold:   2500       SH: 21    Dex: 22    Spells: 7/69 levels left

rFire   + + .        a - +2 double sword "Asceticism of Ashenzari" {elec, *Rage rPois rCorr Int+8, Fort, Dev} (curse)
rCold   . . .        e - +3 kite shield of the Oracular Shame {reflect, Cun, Self} (curse)
rNeg    + . .        G - +1 robe "Share My Urgency" {Int+7 Dex+3, Sorc, Dev} (curse)
rPois   +            x - +2 helmet of Ashenzari's Chagrin {Int+3, Self, Fort} (curse)
rElec   +            Q - +2 cloak of the Fated Prison {rF+ Int+2, Cun, Elem} (curse)
rCorr   +            k - +1 pair of gloves "Shackled Together" {rElec, Elem, Self} (curse)
SInv    +            i - +3 pair of boots of the Revealing Pleiades {Str+4, Dev, Self} (curse)
Will    ++...        z - amulet of Ashenzari's Sun {RegenMP ^Contam rF+ Str+4 Slay+3, Cun, Self} (curse)
Stlth   +++          w - ring "Distant Affliction" {^Drain rN+ Str+4 Slay+4, Self, Sorc} (curse)
HPRegen 0.78/turn    h - ring of the Octopus King {HP+2 MP+9 AC+2 EV+2 SH+2, Elem, Cun} (curse)
MPRegen 0.76/turn

%: reflection, clarity
@: healing quickly, studying Dodging
A: alive, fangs 3, see invisible, vampiric 2, thin skeletal structure 1,
teleportitis 1, MP-powered wands
0: Orb of Zot
}: 4/15 runes: decaying, serpentine, silver, abyssal
a: Exsanguinate, Renounce Religion, Shatter the Chains


You escaped.
You worshipped Ashenzari.
Ashenzari was exalted by your worship.
You visited 10 branches of the dungeon, and saw 48 of its levels.
You visited the Abyss 1 time.
You also visited: Ice Cave and Volcano.

You collected 9372 gold pieces.
You spent 6872 gold pieces at shops.

Inventory:

Hand Weapons
 a - the cursed +2 double sword "Asceticism of Ashenzari" (weapon) {elec, *Rage rPois rCorr Int+8, Fort, Dev}
   (You took it off a deep elf pyromancer on level 3 of the Elven Halls)

   Int+8:     It affects your intelligence (+8).
   rPois:     It protects you from poison *Rage: It berserks you when you make
   melee attacks (+20% chance).
   rCorr:     It protects you from acid and corrosion.
   It has a curse which improves the following skills: Fortitude: Armour and
   Shields.
   Devices:   Evocations and Shapeshifting.
Missiles
 g - 4 throwing nets {=F}
 t - 8 darts of dispersal
 v - 11 curare-tipped darts {=F}
Armour
 e - the cursed +3 kite shield of the Oracular Shame (worn) {reflect, Cun, Self}
   (You took it off Donald on level 2 of the Orcish Mines)

   It has a curse which improves the following skills: Cunning: Dodging and
   Stealth.
   Introspection: Fighting and Spellcasting.
 i - the cursed +3 pair of boots of the Revealing Pleiades (worn) {Str+4, Dev, Self}
   (You bought it in a shop on level 2 of the Dungeon)

   Str+4:     It affects your strength (+4).
   It has a curse which improves the following skills: Devices: Evocations and
   Shapeshifting.
   Introspection: Fighting and Spellcasting.
 k - the cursed +1 pair of gloves "Shackled Together" (worn) {rElec, Elem, Self}
   (You found it on level 1 of the Vaults)

   rElec:     It insulates you from electricity.
   It has a curse which improves the following skills: Elements: Fire Magic, Ice
   Magic, Air Magic and Earth Magic.
   Introspection: Fighting and Spellcasting.
 x - the cursed +2 helmet of Ashenzari's Chagrin (worn) {Int+3, Self, Fort}
   (You bought it in a shop on level 1 of the Depths)

   It has a curse which improves the following skills: Introspection: Fighting
   and Spellcasting.
   Fortitude: Armour and Shields.
 G - the cursed +1 robe "Share My Urgency" (worn) {Int+7 Dex+3, Sorc, Dev}
   (You found it on level 1 of the Swamp)

   Int+7:     It affects your intelligence (+7).
   Dex+3:     It affects your dexterity (+3).
   It has a curse which improves the following skills: Sorcery: Conjurations and
   Alchemy.
   Devices:   Evocations and Shapeshifting.
 Q - the cursed +2 cloak of the Fated Prison (worn) {rF+ Int+2, Cun, Elem}
   (You bought it in a shop on level 2 of the Dungeon)

   Int+2:     It affects your intelligence (+2).
   rF+:       It protects you from fire.
   It has a curse which improves the following skills: Cunning: Dodging and
   Stealth.
   Elements:  Fire Magic, Ice Magic, Air Magic and Earth Magic.
Jewellery
 b - a ring of willpower
 h - a cursed ring of the Octopus King (right hand) {HP+2 MP+9 AC+2 EV+2 SH+2, Elem, Cun}
   (You found it on level 5 of the Lair of Beasts)

   [ring of magical power]

   AC+2:      It affects your AC (+2).
   EV+2:      It affects your evasion (+2).
   HP+2:      It affects your health (+2).
   MP+9:      It affects your magic capacity (+9).
   SH+2:      It affects your SH (+2).
   It has a curse which improves the following skills: Elements: Fire Magic, Ice
   Magic, Air Magic and Earth Magic.
   Cunning:   Dodging and Stealth.
 w - the cursed ring "Distant Affliction" (left hand) {^Drain rN+ Str+4 Slay+4, Self, Sorc}
   (You found it on level 1 of the Vaults)

   [ring of slaying]

   Str+4:     It affects your strength (+4).
   Slay+4:    It affects your accuracy & damage with ranged weapons and melee
   (+4).
   rN+:       It protects you from negative energy.
   ^Drain:    It drains your maximum health when unequipped.
   It has a curse which improves the following skills: Introspection: Fighting
   and Spellcasting.
   Sorcery:   Conjurations and Alchemy.
 z - the cursed amulet of Ashenzari's Sun (around neck) {RegenMP ^Contam rF+ Str+4 Slay+3, Cun, Self}
   (You found it on level 4 of the Depths)

   [amulet of magic regeneration]

   RegenMP:   It increases your rate of magic regeneration.
   Str+4:     It affects your strength (+4).
   Slay+3:    It affects your accuracy & damage with ranged weapons and melee
   (+3).
   rF+:       It protects you from fire.
   ^Contam:   It causes magical contamination when unequipped.
   It has a curse which improves the following skills: Cunning: Dodging and
   Stealth.
   Introspection: Fighting and Spellcasting.
 A - the ring "Niben" {rC+ Int+3 Dex+6}
   (You found it on level 2 of the Swamp)

   [ring of dexterity]

   Int+3:     It affects your intelligence (+3).
   Dex+6:     It affects your dexterity (+6).
   rC+:       It protects you from cold.
 Y - a ring of wizardry
Wands
 d - a wand of digging (20)
 j - a wand of acid (25)
 p - a wand of paralysis (57)
 r - a wand of roots (25)
 s - a wand of mindburst (46)
 P - a wand of polymorph (35)
Scrolls
 y - 2 scrolls of immolation
 C - 3 scrolls of poison
 E - 9 scrolls of fear
 F - 10 scrolls of fog
 J - 5 scrolls of silence {!r}
 S - 2 scrolls of butterflies
 T - 12 scrolls of teleportation
 V - 10 scrolls of vulnerability
Potions
 q - 10 potions of curing
 u - 3 potions of mutation {!q}
 H - a potion of haste {!q}
 I - 5 potions of invisibility
 K - 2 potions of magic {!q}
 L - 18 potions of lignification
 M - 13 potions of might
 N - 7 potions of cancellation {!q}
 R - 2 potions of resistance
 W - 6 potions of heal wounds {!q}
 X - 12 potions of enlightenment
 Z - 5 potions of berserk rage {!q}
Miscellaneous
 c - a condenser vane
 l - a lightning rod (4/4)
 n - a phial of floods
 O - a box of beasts
 U - a phantom mirror


   Skills:
 - Level 14.9(22.4) Fighting
 - Level 10.1 Short Blades
 + Level 6.9 Throwing
 - Level 7.3(11.0) Armour
 - Level 14.5(20.2) Dodging
 - Level 12.3(18.0) Stealth
 - Level 13.4(17.0) Shields
 - Level 14.9(22.4) Spellcasting
 - Level 13.4(17.0) Conjurations
 - Level 2.0 Summonings
 + Level 12.4 Necromancy
 + Level 4.5 Translocations
 - Level 10.8(15.5) Fire Magic
 - Level 14.5(19.1) Ice Magic
 - Level 14.3(19.0) Air Magic
 - Level 7.3(12.0) Earth Magic
 - Level 11.4(15.0) Alchemy
 * Level 10.6(15.3) Evocations
 - Level 14.9(19.5) Shapeshifting


You had 7 spell levels left.
You knew the following spells:

 Your Spells              Type           Power      Damage    Failure   Level
a - Sublimation of Blood  Necr           100%       N/A       0%          2
b - Stone Arrow           Conj/Erth      100%       3d13      0%          3
e - Irradiate             Conj/Alch      57%        3d30      1%          5
h - Lee's Rapid Deconstr  Erth           51%        3d24*     1%          5
j - Orb of Destruction    Conj           58%        9d14      1%          7
k - Borgnjor's Vile Clut  Necr/Erth      51%        N/A       1%          5
m - Plasma Beam           Fire/Air       58%        2x1d74    1%          6
n - Dispel Undead         Necr           100%       3d31      1%          4
s - Maxwell's Capacitive  Air            61%        ∞         1%          8
w - Passwall              Erth           100%       N/A       0%          3
B - Blink                 Tloc           100%       N/A       1%          2
C - Fireball              Conj/Fire      57%        3d22      1%          5
E - Ozocubu's Refrigerat  Ice            61%        4d21      1%          7

Your spell library contained the following spells:

 Spells                   Type           Power      Damage    Failure   Level
 Foxfire                  Conj/Fire      100%       2x1d9     0%          1
 Freeze                   Ice            100%       1d10      0%          1
 Magic Dart               Conj           100%       1d8       0%          1
 Necrotise                Necr           100%       1d9       0%          1
 Sandblast                Erth           100%       2d20      0%          1
 Shock                    Conj/Air       100%       1d9       0%          1
 Sting                    Conj/Alch      100%       1d9       0%          1
 Cigotuvi's Dreadful Rot  Necr/Alch/Air  100%       N/A       0%          2
 Ensorcelled Hibernation  Hex/Ice        100%       N/A       0%          2
 Mercury Vapours          Alch/Air       100%       N/A       0%          2
 Momentum Strike          Conj/Tloc      100%       3d10      0%          2
 Scorch                   Fire           100%       2d9       0%          2
 Frozen Ramparts          Ice            100%       1d16      0%          3
 Fugue of the Fallen      Necr           100%       N/A       0%          3
 Hailstorm                Conj/Ice       100%       3d16      0%          3
 Mephitic Cloud           Conj/Alch/Air  100%       N/A       0%          3
 Ozocubu's Armour         Ice            100%       N/A       0%          3
 Swiftness                Air            100%       N/A       0%          3
 Airstrike                Air            61%        2d(9-25)  0%          4
 Brom's Barrelling Bould  Conj/Erth      100%       2d11      0%          4
 Flame Wave               Conj/Fire      100%       2d21      0%          4
 Ignite Poison            Fire/Alch      100%       N/A       0%          4
 Olgreb's Toxic Radiance  Alch           100%       N/A       0%          4
 Sticky Flame             Fire/Alch      100%       2d15      0%          4
 Arcjolt                  Conj/Air       59%        1d69      0%          5
 Freezing Cloud           Conj/Ice/Air   60%        6-21      0%          5
 Iskenderun's Battlesphe  Conj           100%       2d15      0%          5
 Slow                     Hex            100%       N/A       1%          1
 Call Imp                 Summ           100%       N/A       1%          2
 Lesser Beckoning         Tloc           100%       N/A       1%          2
 Call Canine Familiar     Summ           62%        N/A       1%          3
 Confusing Touch          Hex            50%        N/A       1%          3
 Dazzling Flash           Conj/Hex       100%       N/A       1%          3
 Gell's Gravitas          Tloc           74%        N/A       1%          3
 Inner Flame              Hex/Fire       88%        N/A       1%          3
 Sigil of Binding         Hex            50%        N/A       1%          3
 Summon Ice Beast         Ice/Summ       98%        N/A       1%          3
 Teleport Other           Tloc           74%        N/A       1%          3
 Anguish                  Hex/Necr       41%        N/A       1%          4
 Animate Armour           Summ/Erth      100%       N/A       1%          4
 Animate Dead             Necr           100%       N/A       1%          4
 Dimensional Bullseye     Hex/Tloc       31%        N/A       1%          4
 Leda's Liquefaction      Alch/Erth      53%        N/A       1%          4
 Martyr's Knell           Necr/Summ      86%        N/A       1%          4
 Passage of Golubria      Tloc           74%        N/A       1%          4
 Petrify                  Alch/Erth      100%       N/A       1%          4
 Summon Blazeheart Golem  Fire/Summ      92%        N/A       1%          4
 Summon Lightning Spire   Summ/Air       98%        N/A       1%          4
 Vhi's Electric Charge    Tloc/Air       100%       N/A       1%          4
 Alistair's Intoxication  Alch           74%        N/A       1%          5
 Curse of Agony           Necr           100%       N/A       1%          5
 Metabolic Englaciation   Hex/Ice        47%        N/A       1%          5
 Silence                  Hex/Air        47%        N/A       1%          5
 Conjure Ball Lightning   Conj/Air       59%        3x3d21    1%          6
 Death Channel            Necr           52%        N/A       1%          6
 Eringya's Noxious Bog    Alch           55%        4d6       1%          6
 Sculpt Simulacrum        Ice/Alch       58%        N/A       1%          6
 Summon Forest            Summ/Tloc      34%        N/A       3%          5
 Cause Fear               Hex            25%        N/A       4%          4
 Summon Mana Viper        Hex/Summ       56%        N/A       9%          5
 Spellforged Servitor     Conj/Summ      47%        N/A       9%          7
 Summon Cactus Giant      Summ           31%        N/A       32%         6
 Monstrous Menagerie      Summ           31%        N/A       88%         7
 Summon Hydra             Summ           31%        N/A       88%         7
 Ignition                 Fire           56%        3d15      5%          8
 Lehudib's Crystal Spear  Conj/Erth      55%        10d13     9%          8
 Infestation              Necr           52%        N/A       21%         8
 Discord                  Hex            25%        N/A       100%        8
 Dragon's Call            Summ           31%        N/A       100%        9
 Borgnjor's Revivificati  Necr           Unusable   N/A       N/A         8
 Death's Door             Necr           Unusable   N/A       N/A         9

Dungeon Overview and Level Annotations

Branches:
Dungeon (15/15)            Temple (1/1) D:5            Lair (5/5) D:10
  Swamp (4/4) Lair:3        Snake (4/4) Lair:2        Slime (0/5) Lair:5
    Orc (2/2) D:12            Elf (3/3) Orc:2        Vaults (5/5) D:13
  Crypt (0/3) Vaults:3     Depths (4/4) D:15            Zot (5/5) Depths:4
  IceCv (visited)         Volcano (visited)

Altars:
Ashenzari
Cheibriados
Dithmenos
Fedhas
Gozag
Hepliaklqana
Kikubaaqudgha
Makhleb
Nemelex Xobeh
Okawaru
Qazlal
Ru
Sif Muna
Trog
Uskayaw
Vehumet
Wu Jian
Xom
Yredelemnul

Shops:
D:2 [   D:7 *   D:10 *   D:15 [   Orc:2 :?*?   Elf:1 :   Elf:2 [*   Vaults:2 [
Depths:1 =:=*

Portals:
Hell: Depths:1 Depths:2 Depths:3 Depths:4
Abyss: Depths:3 Depths:4
Pandemonium: Depths:2
Ziggurat: Depths:1


Innate Abilities, Weirdness & Mutations

Your natural rate of healing is accelerated.
You have razor-sharp teeth.
You have supernaturally acute eyesight. (SInv)
You are afflicted with vampirism and can become a bat while bloodless.
You have a somewhat thin skeletal structure. (Dex +2, Stealth+)
You are occasionally teleported next to monsters.
You expend magic power (3 MP) to strengthen your wands.


Message History

There is a stone staircase leading up here.
You climb upwards.
There is a stone staircase leading down here.
A chaos spawn comes into view.
You feel yourself speed up.
The bolt of lightning hits the chaos spawn!!
You kill the chaos spawn!
The chaos spawn degenerates into a cloud of primal chaos!
Magic restored.
A Brimstone Fiend comes into view.
The Brimstone Fiend moves out of view.
There is a stone staircase leading up, spattered with blood here.
You climb upwards.
There is a stone staircase leading down, spattered with blood here.
You sense a monster nearby.
A reaper comes into view. It is wielding a +1 scythe of flaming.
There is a stone staircase leading up, spattered with blood here.
You climb upwards.
There is a stone staircase leading down here.
HP restored.
Your extra speed is starting to run out.
There is a stone staircase leading up here.
You climb upwards.
There is a stone staircase leading down here.
You feel yourself slow down.
There is a stone staircase leading up here.
You climb upwards.
An ice devil comes into view.
There is a stone staircase leading down here.
The bolt of lightning hits the ice devil!!!
You kill the ice devil!
You can't see any susceptible monsters within range! (Use Z to cast anyway.) Magic restored.
There is a stone staircase leading up here.
You climb upwards.
There is a stone staircase leading down here.
You see here a +0 dagger.
There is a stone staircase leading up here.
You climb upwards.
There is a stone staircase leading down, spattered with blood here.
There is an escape hatch in the ceiling here.
A mysterious force pulls you upwards. The hatch slams shut behind you.
There is a stone staircase leading up here.
You climb upwards.
There is a stone staircase leading down here.
There is a stone staircase leading up here.
You climb upwards.
There is a stone staircase leading down here.
There is a staircase leading out of the dungeon here.
You have escaped!

#...#.#.#.#.#.#.#.#...#
####...............####
#......#..........#
##.......#.......## #####
#.....#....#......# #....
##...........#...#####.###
#....#.#.#.#...#..#......#
##...............#####.#.#
#...#..#.@.#..#...# #....
##...............## ###.#
#..#...#.#.#.#....# ####.#
##...#...........## #.....
#......#....#.....# #.##.#
##..[....#.......## #.##..
#..........#......# #.##..
####...............####.##..
##...#.#.#.#.#.#.#.#...#.###.


There were no monsters in sight!

Vanquished Creatures
  14 dread liches
  4 orbs of fire (Zot:5)
  3 ancient liches
  Mennas (Depths:3)
  A juggernaut (Depths:2)
  The ghost of Bailed the Peltast, a veteran MiMo of Qazlal (Vaults:1)
  4 Killer Klowns
  the Lernaean hydra (Swamp:4)
  Vashnia (Snake:4)
  Nikola (Swamp:1)
  15 golden dragons
  The ghost of bezhaha the Planerender, an adept DjFE of Gozag (Vaults:1)
  2 doom hounds (Depths:4)
  3 electric golems
  A Brimstone Fiend (Depths:1)
  17 tentacled monstrosities
  2 walking crystal tomes (Depths:3)
  An Ice Fiend (D:12)
  2 walking earthen tomes
  Grunn (Depths:4)
  6 liches
  24 Orb Guardians (Zot:5)
  7 titans (Vaults:5)
  2 deep elf master archers (Elf:3)
  2 deep elf blademasters (Elf:3)
  6 quicksilver dragons
  2 walking frostbound tomes (Depths:2)
  The ghost of TheSeeker391 the Severer, an adept HOFi of Okawaru (Elf:1)
  2 walking divine tomes
  An Executioner (Abyss:4)
  6 death cobs
  10 sphinxes
  Agnes (Elf:1)
  A tentacled starspawn (Abyss:4)
  14 shadow dragons
  Donald (Orc:2)
  2 thorn hunters
  5 tengu reavers
  Aizul (Elf:1)
  4 draconian monks
  The ghost of Zacwoi the Marksfrog, an adept BaHs of Cheibriados (Swamp:2)
  12 storm dragons
  6 fire giants
  Roxanne (Elf:2)
  2 fenstrider witches
  9 nagarajas
  12 deep elf sorcerers
  3 balrugs
  8 vault wardens
  Louise (Snake:3)
  2 ghost moths (Zot:5)
  4 spectral caustic shrikes (Depths:1)
  4 iron dragons
  An angel (Abyss:5)
  13 frost giants
  4 spriggan defenders
  7 draconian scorchers
  4 deep elf elementalists (Elf:3)
  A reaper (Depths:3)
  2 cacodemons
  6 ironbound thunderhulks
  2 draconian annihilators
  15 stone giants
  16 ironbound preservers
  3 formless jellyfish
  4 draconian stormcallers
  15 very ugly things
  9 green draconians
  5 deep elf demonologists
  14 dire elephants
  6 vampire knights
  3 eleionomae
  4 black draconians
  6 yellow draconians
  9 deep elf annihilators
  4 deep elf death magi (Elf:3)
  Azrael (Elf:1)
  5 war gargoyles
  4 red draconians
  4 spark wasps (Depths:3)
  5 purple draconians
  3 bunyips (Swamp:1)
  A spark wasp (shapeshifter) (Vaults:5)
  7 white draconians
  8 crystal guardians
  A jiangshi (Vaults:3)
  A blizzard demon (Depths:3)
  12 ettins
  An entropy weaver (shapeshifter) (D:15)
  Josephine (D:15)
  3 entropy weavers
  12 fire dragons
  13 yaktaur captains
  16 deep elf high priests
  4 rakshasas
  3 salamander tyrants (Snake:4)
  29 vault guards
  7 great orbs of eyes
  8 anacondas
  4 ghost crabs
  An ogre mage (Vaults:5)
  5 peacekeepers
  A catoblepas (Lair:5)
  2 spriggan air magi
  11 alligators
  9 ice dragons
  13 ironbound frosthearts
  An anaconda (shapeshifter) (Depths:2)
  16 centaur warriors
  20 hydras
  A boulder beetle (shapeshifter) (Vaults:5)
  4 two-headed ogres
  33 dancing weapons
  A merfolk avatar (Lair:5)
  3 deep troll shamans
  12 naga warriors
  22 tengu warriors
  6 orc high priests
  5 boulder beetles
  7 deep troll earth magi
  A death knight (D:15)
  A demonic crawler (Abyss:3)
  5 hell hogs (Depths:3)
  12 naga sharpshooters
  7 sun demons
  16 spriggans
  An occultist (Depths:1)
  A skyshark (shapeshifter) (Depths:4)
  9 spriggan berserkers
  18 deep elf knights
  8 shock serpents
  3 skeletal warriors (Depths:3)
  A wretched star (Abyss:4)
  A fire crab (shapeshifter) (Elf:3)
  2 salamander mystics
  3 soul eaters (Depths:3)
  2 hell knights (Vaults:5)
  3 shadow wraiths (Depths:3)
  2 skysharks (Lair:5)
  4 goliath frogs
  10 iron trolls
  6 glowing orange brains
  2 quicksilver dragon simulacra (Depths:3)
  2 death drakes
  8 deep elf archers
  2 glowing orange brains (shapeshifter)
  4 flayed ghosts
  5 naga ritualists
  4 spriggan druids
  7 bog bodies
  An orange crystal statue (IceCv)
  A sea snake (Lair:5)
  A spriggan simulacrum (Depths:2)
  17 swamp dragons
  A large abomination (Abyss:4)
  28 ironbound convokers
  40 deep trolls
  A shadow demon (D:15)
  2 phantasmal warriors
  31 deep elf zephyrmancers
  7 arcanists
  7 lindwurms
  3 necromancers
  10 orc knights
  A wolf spider (D:15)
  3 orc sorcerers
  19 deep elf pyromancers
  3 harpies
  8 cyclopes
  3 starcursed masses
  34 ugly things
  A draconian (Abyss:5)
  7 mana vipers
  A salamander (shapeshifter) (Vaults:1)
  A faun (shapeshifter) (Vaults:5)
  31 moths of wrath
  A moth of wrath (shapeshifter) (Vaults:5)
  11 salamanders
  8 will-o-the-wisps
  3 manticores
  3 centaur zombies (D:10)
  6 meliai
  6 elephants
  2 guardian serpents
  An ice statue (Depths:3)
  A water nymph (shapeshifter) (Vaults:5)
  An apocalypse crab (Abyss:5)
  21 vault sentinels
  A guardian serpent (shapeshifter) (Depths:3)
  5 kobold blastminers
  35 black mambas
  19 naga magi
  2 molten gargoyles (Volcano)
  An unseen horror (shapeshifter) (D:13)
  10 cane toads
  2 smoke demons (Abyss:5)
  An orange demon (Abyss:1)
  A yaktaur (shapeshifter) (D:13)
  An unseen horror (D:11)
  8 komodo dragons
  23 rime drakes
  A tormentor (D:14)
  3 freezing wraiths
  An unseen horror zombie (D:10)
  A kobold demonologist (D:12)
  An efreet (D:15)
  16 yaktaurs
  7 tengu conjurers
  2 ice devils
  7 trolls
  3 bloated husks
  A tengu simulacrum (Depths:2)
  An ancient zyme (Abyss:4)
  7 tyrant leeches
  22 hornets
  A spriggan zombie (Depths:2)
  14 polar bears
  A wind drake (Lair:5)
  4 dream sheep (Lair:2)
  3 glass eyes
  A snapping turtle (Lair:5)
  2 raiju (Abyss:5)
  43 slime creatures
  13 blink frogs
  A dream sheep (shapeshifter) (Vaults:3)
  A culicivora (shapeshifter) (D:15)
  5 air elementals
  2 centaur simulacra (D:14)
  6 vampires
  Sigmund (D:5)
  2 yaks (shapeshifter)
  12 wraiths
  2 shadows
  37 yaks
  10 fire bats
  4 fire elementals
  4 water elementals
  3 wyverns
  3 neqoxecs
  8 basilisks
  5 wargs
  2 redbacks (Vaults:2)
  20 vampire mosquitoes
  A swamp worm (shapeshifter) (Depths:2)
  An acid dragon (D:13)
  2 steam dragons
  11 swamp worms
  A chaos spawn (D:10)
  51 nagas
  12 water moccasins
  3 hell hounds (Elf:1)
  2 ice beasts
  2 sky beasts
  9 swamp drakes
  29 orc warriors
  5 black bears
  4 laughing skulls
  4 ettin simulacra (Depths:3)
  5 small abominations (Abyss:4)
  2 ogres (Orc:1)
  4 boggarts (Vaults:3)
  12 centaurs
  17 wolves
  A phantom (D:5)
  4 kobold brigands
  A weeping skull (Abyss:4)
  Blork the orc (D:6)
  13 bullfrogs
  A brain worm (shapeshifter) (D:14)
  6 scorpions
  5 earth elementals
  2 gnoll sergeants
  10 wights (D:9)
  11 killer bees
  3 electric eels (Lair:3)
  5 howler monkeys
  2 bombardier beetles (D:5)
  2 crimson imps (D:10)
  4 lava snakes (Volcano)
  4 hounds
  3 gnoll boudas
  6 jellies
  23 orc priests
  3 iguanas
  3 sleepcaps
  13 orc wizards
  5 hell rats (Lair:2)
  27 gnolls
  3 adders
  4 white imps
  2 worms (D:3)
  A dart slug (D:4)
  72 orcs
  8 spectral bats (Abyss:3)
  10 endoplasms
  4 giant cockroaches
  5 goblins
  9 hobgoblins
  2 jackals (D:5)
  26 kobolds
  A quokka (D:1)
  6 ball pythons
  7 bats
  5 bat simulacra (Abyss:3)
  4 frilled lizards
  3 rats
  A starspawn tentacle (Abyss:4)
2094 creatures vanquished.

Vanquished Creatures (collateral kills)
  An unseen horror zombie (D:10)
  2 water moccasins
  An ice beast (D:5)
  A killer bee (D:7)
  An orc (D:4)
  A hobgoblin (D:1)
  A kobold (D:10)
8 creatures vanquished.

Vanquished Creatures (others)
  A bloated husk (Swamp:1)
  An ettin simulacrum (Depths:3)
  A laughing skull (Abyss:5)
  8 foxfires
  2 starspawn tentacles (Abyss:4)
13 creatures vanquished.

Grand Total: 2115 creatures vanquished

Notes
Turn   | Place    | Note
-------+----------+-------------------------------------------
     0 | D:1      | Ge0ff the Vampire Hedge Wizard began the quest for the Orb.
     0 | D:1      | Reached XP level 1. HP: 13/13 MP: 4/4
   255 | D:1      | Reached skill level 1 in Conjurations
   539 | D:1      | Reached XP level 2. HP: 19/19 MP: 1/6
   563 | D:1      | Learned a level 2 spell: Call Imp
  2459 | D:2      | Found Nouckaer's Armour Boutique.
  2653 | D:2      | Gained mutation: You are afflicted with vampirism and can
                  | become a bat while bloodless. [Vampire growth]
  2653 | D:2      | Reached XP level 3. HP: 24/24 MP: 3/7
  2718 | D:2      | Found a bloodstained altar of Trog.
  3489 | D:1      | Learned a level 3 spell: Mephitic Cloud
  3788 | D:2      | Reached skill level 1 in Alchemy
  4265 | D:3      | Reached XP level 4. HP: 31/31 MP: 8/8
  4384 | D:3      | Reached skill level 1 in Air Magic
  4800 | D:3      | Reached skill level 1 in Fighting
  4800 | D:3      | Reached skill level 1 in Short Blades
  5779 | D:4      | Reached XP level 5. HP: 27/37 MP: 5/9
  6229 | D:4      | Gained mutation: Your body sometimes deteriorates upon
                  | taking damage. [potion of mutation]
  6230 | D:4      | Lost mutation: Your body sometimes deteriorates upon taking
                  | damage. [potion of mutation]
  6230 | D:4      | Gained mutation: Your flesh is heat resistant. (rF+)
                  | [potion of mutation]
  6230 | D:4      | Gained mutation: You sometimes lose your temper in combat.
                  | [potion of mutation]
  6563 | D:4      | Reached XP level 6. HP: 42/43 MP: 5/10
  6872 | D:4      | Learned a level 2 spell: Blink
  7291 | D:4      | Reached skill level 1 in Translocations
  7329 | D:5      | Entered Level 5 of the Dungeon
  7448 | D:5      | Noticed an ice beast
  7513 | D:5      | Noticed a troll
  7613 | D:5      | Reached XP level 7. HP: 22/50 MP: 8/12
  8162 | D:5      | Found a staircase to the Ecumenical Temple.
  8593 | D:5      | Noticed Sigmund
  8599 | D:5      | Reached XP level 8. HP: 51/60 MP: 10/14
  8619 | D:5      | Killed Sigmund
  8941 | D:5      | Reached skill level 5 in Fighting
  9254 | Temple   | Entered the Ecumenical Temple
  9273 | Temple   | Became a worshipper of Ashenzari the Shackled
  9339 | D:5      | Killed a troll
  9904 | D:5      | Found a staircase to the Ecumenical Temple.
 10097 | D:5      | Reached skill level 5 in Spellcasting
 10607 | D:6      | Reached skill level 5 in Short Blades
 10669 | D:6      | Reached XP level 9. HP: 60/68 MP: 16/16
 10791 | D:6      | Noticed Blork the orc
 10807 | D:6      | Killed Blork the orc
 11446 | D:7      | Reached skill level 1 in Evocations
 11489 | D:7      | Reached * piety under Ashenzari
 11799 | D:7      | Found Kofoah Palee's Assorted Antiques.
 11808 | D:7      | Bought a scroll labelled LIDUMO HUGOKIO for 33 gold pieces
 11808 | D:7      | Bought a scroll labelled OHUDDO DOQIU for 33 gold pieces
 11815 | D:7      | Found a sacrificial altar of Ru.
 11894 | D:7      | Reached skill level 1 in Throwing
 11894 | D:7      | Reached skill level 1 in Armour
 11944 | D:7      | Reached skill level 5 in Stealth
 12257 | D:8      | Found a burning altar of Makhleb.
 12726 | D:8      | Reached XP level 10. HP: 68/74 MP: 14/20
 12831 | D:8      | Reached ** piety under Ashenzari
 13059 | D:8      | Found a burning altar of Makhleb.
 13722 | D:9      | Noticed a two-headed ogre
 13741 | D:9      | Killed a two-headed ogre
 13742 | D:9      | Reached skill level 10 in Spellcasting
 14091 | D:9      | Reached XP level 11. HP: 64/80 MP: 25/25
 14366 | D:10     | Entered Level 10 of the Dungeon
 14632 | D:10     | Lost mutation: Your flesh is heat resistant. (rF+) [potion
                  | of mutation]
 14632 | D:10     | Lost mutation: You sometimes lose your temper in combat.
                  | [potion of mutation]
 14632 | D:10     | Gained mutation: Your flesh is heat resistant. (rF+)
                  | [potion of mutation]
 14632 | D:10     | Gained mutation: Your spells are a little easier to cast,
                  | but a little less powerful. [potion of mutation]
 15020 | D:9      | Learned a level 4 spell: Dispel Undead
 15063 | D:10     | Reached *** piety under Ashenzari
 15409 | D:10     | Reached skill level 5 in Necromancy
 15499 | D:10     | Found a staircase to the Lair.
 15734 | D:10     | Found Meujem's Assorted Antiques.
 15742 | D:10     | Bought a fuming red potion for 24 gold pieces
 15742 | D:10     | Bought a metallic sapphire potion for 24 gold pieces
 15742 | D:10     | Bought a scroll of teleportation for 81 gold pieces
 15932 | D:10     | Found a staircase to the Lair.
 16125 | D:10     | Found Meujem's Assorted Antiques.
 16574 | D:11     | Reached **** piety under Ashenzari
 16574 | D:11     | Noticed a cyan ugly thing
 16588 | D:11     | Killed a cyan ugly thing
 16792 | D:11     | Noticed a two-headed ogre
 16820 | D:11     | Killed a two-headed ogre
 16890 | D:11     | Noticed a two-headed ogre
 16897 | D:11     | Killed a two-headed ogre
 17083 | D:2      | Bought the +2 cloak "Kiatuxt" {rF+ Int+2} for 425 gold
                  | pieces
 17539 | Lair:1   | Entered Level 1 of the Lair of Beasts
 17639 | Lair:1   | Reached XP level 12. HP: 84/91 MP: 26/26
 18755 | Lair:2   | Found a staircase to the Snake Pit.
 19025 | Lair:2   | Reached skill level 10 in Short Blades
 19252 | Lair:2   | Learned a level 2 spell: Mercury Vapours
 19290 | Lair:2   | Noticed a five-headed hydra
 19305 | Lair:2   | Killed a five-headed hydra
 19426 | Lair:2   | Reached skill level 5 in Dodging
 20591 | Lair:3   | Found a staircase to the Swamp.
 20693 | Lair:3   | Reached skill level 5 in Alchemy
 20934 | Lair:4   | Learned a level 3 spell: Frozen Ramparts
 21199 | Lair:4   | Reached skill level 1 in Ice Magic
 21545 | Lair:4   | Reached XP level 13. HP: 101/101 MP: 25/27
 22058 | Lair:5   | Entered Level 5 of the Lair of Beasts
 22739 | Lair:5   | Reached skill level 5 in Evocations
 22752 | Lair:5   | Reached skill level 10 in Fighting
 22885 | Lair:5   | Found the ring of the Octopus King {HP+2 MP+9 AC+2 EV+2
                  | SH+2}
 22885 | Lair:5   | Found the ring of the Octopus King {HP+2 MP+9 AC+2 EV+2
                  | SH+2}
 23816 | Lair:5   | Identified the +7 short sword of Circularity {flame, MP+9
                  | Dex+2}
 24120 | D:2      | Bought a +0 buckler for 58 gold pieces
 24545 | Lair:5   | Found a staircase to the Slime Pits.
 24553 | Lair:5   | Learned a level 4 spell: Olgreb's Toxic Radiance
 25394 | Lair:5   | Found a staircase to the Slime Pits.
 26374 | D:12     | Reached skill level 1 in Shields
 26417 | D:12     | Reached XP level 14. HP: 88/113 MP: 24/29
 26795 | D:12     | Found a staircase to the Orcish Mines.
 26909 | D:12     | Reached ***** piety under Ashenzari
 27171 | Orc:1    | Entered Level 1 of the Orcish Mines
 27194 | Orc:1    | Found a dark tunnel.
 27202 | Volcano  | Entered a volcano
 27349 | Volcano  | Found a bloodstained altar of Trog.
 28300 | Orc:2    | Entered Level 2 of the Orcish Mines
 28792 | Orc:2    | Found a staircase to the Elven Halls.
 29617 | Orc:2    | Noticed Donald
 29641 | Orc:2    | Killed Donald
 29923 | Orc:2    | Found Fuhij's Magic Scroll Boutique.
 29923 | Orc:2    | Found Nyntiofaaptu's Book Boutique.
 29924 | Orc:2    | Found Ezutac's Assorted Antiques.
 29924 | Orc:2    | Found Echodghou's Magic Scroll Boutique.
 29945 | Orc:2    | Bought a scroll labelled UFESHR POLU for 29 gold pieces
 29950 | Orc:2    | Bought a book of the Spheres for 768 gold pieces
 29956 | Orc:2    | Learned a level 5 spell: Fireball
 30211 | D:13     | Reached skill level 1 in Fire Magic
 31571 | D:13     | Found a gate to the Vaults.
 31766 | D:13     | Reached XP level 15. HP: 117/120 MP: 31/31
 31961 | D:13     | Found a gate to the Vaults.
 32592 | D:14     | Reached skill level 5 in Fire Magic
 32597 | D:14     | Found a frozen archway.
 32603 | IceCv    | Entered an ice cave
 32998 | IceCv    | Reached skill level 5 in Conjurations
 34948 | IceCv    | Identified the ring of Hiuthratu {^Contam Fly rElec rPois}
 34948 | IceCv    | Noticed a frost giant
 34958 | IceCv    | Killed a frost giant
 35054 | IceCv    | Noticed a frost giant
 35060 | IceCv    | Killed a frost giant
 36760 | D:15     | Entered Level 15 of the Dungeon
 37038 | D:15     | Learned a level 7 spell: Ozocubu's Refrigeration
 37686 | D:15     | Reached skill level 5 in Ice Magic
 38148 | D:15     | Found Resuy's Antique Armour Shop.
 38151 | D:15     | Bought a pair of spiked gloves for 304 gold pieces
 38151 | D:15     | Identified the -1 pair of gloves "Ustrad" {-Tele rC- MP+9
                  | Int+8} (You bought it in a shop on level 15 of the Dungeon)
 38214 | D:15     | Found a staircase to the Depths.
 38302 | D:15     | Noticed Josephine
 38314 | D:15     | Lost mutation: Your spells are a little easier to cast, but
                  | a little less powerful. [potion of mutation]
 38314 | D:15     | Lost mutation: Your flesh is heat resistant. (rF+) [potion
                  | of mutation]
 38314 | D:15     | Gained mutation: Your flesh is heat resistant. (rF+)
                  | [potion of mutation]
 38314 | D:15     | Gained mutation: Your health recovers twice as slowly from
                  | being drained. [potion of mutation]
 38336 | D:15     | Killed Josephine
 38481 | D:15     | Identified Sif Muna's Catalogue of Cinders
 38481 | D:15     | Identified Sif Muna's Almanac of the Anticline
 38482 | D:15     | Identified Sif Muna's Exposition on the Xenolith
 38484 | D:15     | Found a shimmering blue altar of Sif Muna.
 38759 | D:15     | Reached XP level 16. HP: 133/133 MP: 18/34
 39030 | Swamp:1  | Entered Level 1 of the Swamp
 39030 | Swamp:1  | Identified the +1 robe "Vimoebey" {Int+7 Dex+3}
 39036 | Swamp:1  | Noticed Nikola
 39137 | Snake:1  | Entered Level 1 of the Snake Pit
 40574 | Snake:2  | Reached skill level 10 in Ice Magic
 42007 | Snake:3  | Found a blossoming altar of Fedhas.
 42048 | Snake:3  | Noticed Louise
 42054 | Snake:3  | Killed Louise
 42778 | Snake:4  | Entered Level 4 of the Snake Pit
 43435 | Snake:4  | Reached XP level 17. HP: 142/142 MP: 9/36
 44541 | Snake:4  | Noticed Vashnia
 44591 | Snake:4  | Got a serpentine rune of Zot
 44806 | Snake:4  | Identified the Excursus on Called Decomposition
 45317 | Snake:4  | Killed Vashnia
 46256 | Swamp:1  | Killed Nikola
 46532 | Swamp:1  | Identified the +8 falchion "Utuyhu Katu" {venom, rN+}
 46913 | Swamp:2  | Reached ****** piety under Ashenzari
 46916 | Swamp:2  | Reached skill level 1 in Shapeshifting
 47246 | Swamp:2  | Found a runed translucent door.
 47246 | Swamp:2  | Noticed Zacwoi's ghost (adept BaHs)
 47318 | Swamp:2  | Identified the ring "Niben" {rC+ Int+3 Dex+6}
 47766 | Swamp:2  | Killed Zacwoi's ghost
 47863 | Swamp:3  | Reached skill level 5 in Shields
 48152 | Swamp:3  | Reached XP level 18. HP: 148/148 MP: 20/37
 48751 | Swamp:4  | Entered Level 4 of the Swamp
 48757 | Swamp:4  | Reached skill level 5 in Shapeshifting
 49263 | Swamp:4  | Identified the maw talisman of Winter {Str+3 Stlth+}
 50229 | Swamp:4  | Noticed the 27-headed Lernaean hydra
 50233 | Swamp:4  | Killed the 27-headed Lernaean hydra
 50649 | Swamp:4  | Got a decaying rune of Zot
 50969 | Elf:1    | Entered Level 1 of the Elven Halls
 50971 | Elf:1    | Paralysed by an air elemental for 1 turns
 51039 | Elf:1    | Learned a level 5 spell: Borgnjor's Vile Clutch
 51060 | Elf:1    | Learned a level 3 spell: Stone Arrow
 51142 | Elf:1    | Found a runed translucent door.
 51142 | Elf:1    | Noticed TheSeeker391's ghost (adept HOFi)
 51164 | Elf:1    | Killed TheSeeker391's ghost
 51219 | Elf:1    | Found Typry's Book Shop.
 51257 | Elf:1    | Noticed Agnes
 51272 | Elf:1    | Killed Agnes
 51321 | Elf:1    | Bought a book of Spontaneous Combustion for 760 gold pieces
 51327 | Elf:1    | Learned a level 5 spell: Irradiate
 51386 | Elf:1    | Learned a level 5 spell: Lee's Rapid Deconstruction
 51752 | Elf:1    | Reached skill level 1 in Earth Magic
 51921 | Elf:1    | Noticed Azrael
 51925 | Elf:1    | Killed Azrael
 52244 | Elf:1    | Identified the serpent talisman of Finogeeh {rElec Stlth+}
 52244 | Elf:1    | Noticed Aizul
 52249 | Elf:1    | Killed Aizul
 52675 | Elf:2    | Found Ideptidd's Antique Armour Shoppe.
 52696 | Elf:2    | Bought a pair of pitted gloves for 313 gold pieces
 52696 | Elf:2    | Identified the +0 pair of gloves "Ivosifos" {-Tele Harm
                  | rPois rCorr} (You bought it in a shop on level 2 of the
                  | Elven Halls)
 52720 | Elf:2    | Identified the +9 bardiche of Jesk {spect, rF+ rN+ Str+7}
 52779 | Elf:2    | Found a runed translucent gate.
 52779 | Elf:2    | Found a runed translucent gate.
 52782 | Elf:2    | Found a runed translucent gate.
 52850 | Elf:2    | Noticed Roxanne
 53178 | Elf:2    | Found Qoqaj's General Store.
 53209 | Elf:2    | Learned a level 2 spell: Sublimation of Blood
 53213 | Elf:2    | Learned a level 3 spell: Passwall
 53391 | Elf:2    | Killed Roxanne
 53745 | Elf:2    | Reached XP level 19. HP: 117/158 MP: 40/40
 54060 | Elf:2    | Reached skill level 5 in Earth Magic
 54862 | Elf:3    | Entered Level 3 of the Elven Halls
 55076 | Elf:3    | Reached skill level 10 in Shapeshifting
 55313 | Elf:3    | Reached skill level 10 in Shields
 55625 | Elf:3    | Identified the +8 dagger "Xiaroy" {pain, rPois rCorr Int+2}
 55797 | Elf:3    | Identified the +5 scale mail "Myel Cuf" {Will++}
 55827 | Elf:3    | Identified the staff of Giotosi {rPois rN+ Str-3 Dex+3 Ice
                  | Alchemy}
 55964 | Elf:3    | Identified the +2 lajatang "Bezerph" {freeze, +Blink rC+
                  | SInv}
 56027 | Elf:3    | Identified the +4 short sword of Tartarus {flame, Str+9
                  | Int-4 SInv}
 56158 | Elf:3    | Identified the +9 halberd of Hetz {flame, rElec rPois}
 56186 | Elf:3    | Identified the ring "Bir Heu" {rF+++ rC- Will++ AC+4 Str+3}
 56186 | Elf:3    | Identified the +2 double sword of Frustration {elec, *Rage
                  | rPois rCorr Int+8}
 56188 | Elf:3    | Identified the ring of Onlug {+Blink rN+ Str-2 Dex+2 SInv}
 56729 | Elf:3    | Identified Adem's Annotations on Frostbound Bruises
 56733 | Elf:3    | Identified the Volume of Posthumous Elsewhere
 57181 | Vaults:1 | Entered Level 1 of the Vaults
 57208 | Vaults:1 | Paralysed by a formless jellyfish for 1 turns
 58133 | Vaults:1 | Found a runed translucent gate.
 58133 | Vaults:1 | Found a runed translucent gate.
 58134 | Vaults:1 | Found a runed translucent gate.
 58134 | Vaults:1 | Found an ancient bone altar of Kikubaaqudgha.
 58136 | Vaults:1 | Noticed a dread lich
 58136 | Vaults:1 | Noticed bezhaha's ghost (adept DjFE)
 58137 | Vaults:1 | Noticed Bailed's ghost (veteran MiMo)
 58138 | Vaults:1 | Identified Kikubaaqudgha's Vellum of Unspeakable Acts
 58138 | Vaults:1 | Identified the ring of the Shining Light {^Drain rN+ Str+4
                  | Slay+4}
 58143 | Vaults:1 | Reached XP level 20. HP: 104/164 MP: 15/41
 58261 | Vaults:1 | Identified the +1 pair of gloves of Articulation {rElec}
 60059 | Vaults:1 | Killed bezhaha's ghost
 60086 | Vaults:1 | Killed Bailed's ghost
 60292 | Vaults:1 | Killed a dread lich
 60584 | Vaults:2 | Reached skill level 5 in Throwing
 61630 | D:2      | Bought the +3 pair of boots "Poadwo" {Str+4} for 453 gold
                  | pieces
 62039 | Vaults:2 | Found Ivvehin's Antique Armour Shoppe.
 62113 | Vaults:2 | Bought a pair of heavily runed boots for 380 gold pieces
 62113 | Vaults:2 | Identified the +0 pair of boots "Zeabruosch" {rPois rC++
                  | Str-3 Dex+2} (You bought it in a shop on level 2 of the
                  | Vaults)
 62421 | Vaults:3 | Identified the cursed +1 hat of the Ensconced Fetters {Dev,
                  | Sorc} (You found it on level 6 of the Dungeon)
 62421 | Vaults:3 | Identified the cursed +3 kite shield of the Oracular Shame
                  | {reflect, Cun, Self} (You took it off Donald on level 2 of
                  | the Orcish Mines)
 62421 | Vaults:3 | Identified the cursed ring of Star-Bound Wisdom {AC+4,
                  | Fort, Sorc} (You took it off a gnoll on level 6 of the
                  | Dungeon)
 62421 | Vaults:3 | Identified the cursed amulet of Panopticon {RegenMP, Bglg,
                  | Elem} (You took it off an orc wizard on level 5 of the
                  | Dungeon)
 63064 | Vaults:3 | Found a staircase to the Crypt.
 64137 | Vaults:4 | Reached XP level 21. HP: 121/172 MP: 37/42
 64341 | Vaults:3 | Learned a level 7 spell: Orb of Destruction
 64934 | Vaults:4 | Reached skill level 5 in Armour
 66095 | Vaults:4 | Identified Baurgh's Practical Mystical Knowledge
 66110 | Vaults:4 | Noticed a dread lich
 66115 | Vaults:4 | Killed a dread lich
 67022 | Vaults:3 | Learned a level 6 spell: Plasma Beam
 67213 | Depths:1 | Entered Level 1 of the Depths
 67422 | Depths:1 | Found Akkin's Specific Store.
 67423 | Depths:1 | Found Leyf's General Store.
 67430 | Depths:1 | Bought a +2 helmet of intelligence for 387 gold pieces
 67576 | Depths:1 | Found a gateway to Hell.
 67680 | Depths:1 | Identified the +1 robe "Xenneluix" {*Slow rCorr SInv
                  | Stlth-}
 67700 | Depths:1 | Found an ancient bone altar of Kikubaaqudgha.
 68558 | Depths:1 | Found Vatewket's Jewellery Shoppe.
 68559 | Depths:1 | Found Lulougyl's Book Boutique.
 68560 | Depths:1 | Found Qicvuizo's Jewellery Shoppe.
 68698 | Depths:1 | Found a one-way gateway to a ziggurat.
 69243 | Depths:2 | Found an ornate altar of the Wu Jian Council.
 69318 | Depths:2 | Noticed a golden dragon
 69324 | Depths:2 | Reached skill level 5 in Air Magic
 69324 | Depths:2 | Noticed a juggernaut
 69325 | Depths:2 | Found a one-way gate leading to the halls of Pandemonium.
 69716 | Depths:2 | Reached XP level 22. HP: 186/186 MP: 38/45
 69942 | Depths:2 | Killed a golden dragon
 70100 | Depths:2 | Noticed a golden dragon
 70218 | Depths:2 | Killed a golden dragon
 70219 | Depths:2 | Reached skill level 10 in Dodging
 70230 | Depths:2 | Killed a juggernaut
 70742 | Depths:2 | Identified the Monograph on the Bewitching Deep Freeze
 71272 | Depths:2 | Found a one-way gate leading to the halls of Pandemonium.
 71491 | Depths:2 | Found an ornate altar of the Wu Jian Council.
 71876 | Depths:3 | Found a sacrificial altar of Ru.
 72153 | Depths:3 | Found a one-way gate to the infinite horrors of the Abyss.
 72168 | Depths:3 | Reached skill level 10 in Stealth
 72904 | Depths:3 | Found a hide-covered altar of Uskayaw.
 73189 | Depths:3 | Noticed Mennas
 73301 | Depths:3 | Identified the +3 ring mail of Nehim {Slay+5}
 73306 | Depths:3 | Reached skill level 10 in Conjurations
 73417 | Depths:3 | Identified the +9 war axe of the Spinneret {antimagic,
                  | Str+2}
 73440 | Depths:3 | Found a blossoming altar of Fedhas.
 73567 | Depths:3 | Noticed a golden dragon
 73578 | Depths:3 | Killed a golden dragon
 74538 | Depths:4 | Entered Level 4 of the Depths
 74648 | Depths:4 | Reached XP level 23. HP: 193/193 MP: 27/48
 74885 | Depths:4 | Noticed Grunn
 74892 | Depths:4 | Killed Grunn
 74963 | Depths:4 | Found a shadowy altar of Dithmenos.
 75086 | Depths:4 | Identified the amulet "Utomarph" {RegenMP ^Contam rF+ Str+4
                  | Slay+3}
 76512 | Depths:4 | Found a gate to the Realm of Zot.
 76626 | Depths:1 | Bought Maxwell's Memoranda for 880 gold pieces
 76635 | Depths:1 | Learned a level 8 spell: Maxwell's Capacitive Coupling
 76727 | Depths:3 | Voluntarily entered the Abyss.
 76727 | Abyss:1  | Found a corrupted altar of Lugonu.
 76777 | Abyss:2  | Found a corrupted altar of Lugonu.
 76777 | Abyss:2  | Found a corrupted altar of Lugonu.
 76902 | Abyss:4  | Found a candlelit altar of Ignis.
 77028 | Abyss:5  | Found a corrupted altar of Lugonu.
 77040 | Abyss:5  | Found a transporter.
 77098 | Abyss:5  | Gained mutation: You are dopey. (Int -2) [a cacodemon]
 77110 | Abyss:5  | Found a transporter.
 77116 | Abyss:5  | Got an abyssal rune of Zot
 77118 | Abyss:5  | Noticed an ancient lich
 77136 | Depths:3 | Escaped the Abyss
 77327 | Depths:3 | Killed Mennas
 77355 | Depths:3 | Found a hide-covered altar of Uskayaw.
 77475 | Depths:3 | Found a blossoming altar of Fedhas.
 78063 | Vaults:5 | Entered Level 5 of the Vaults
 78069 | Vaults:5 | Reached skill level 10 in Air Magic
 78072 | Vaults:5 | Reached skill level 10 in Fire Magic
 78072 | Vaults:5 | Noticed a dread lich
 78197 | Vaults:5 | Identified the Incunable of Hapless Attendants
 78293 | Vaults:5 | Noticed a dread lich
 78302 | Vaults:5 | Killed a dread lich
 78486 | Vaults:5 | Identified the +0 acid dragon scales "Giloicuihu" {rPois
                  | rF++ Will+ rCorr Int-4}
 78495 | Vaults:5 | Reached XP level 24. HP: 204/204 MP: 47/47
 78554 | Vaults:5 | Noticed an ancient lich
 78560 | Vaults:5 | Killed an ancient lich
 78788 | Vaults:5 | Killed a dread lich
 79228 | Vaults:5 | Identified a scroll of acquirement
 79337 | Vaults:5 | Identified the ring "Beelit" {Wiz Fly rElec rC- Dex+7}
 79811 | Vaults:5 | Noticed a dread lich
 79819 | Vaults:5 | Killed a dread lich
 79965 | Vaults:5 | Identified the +1 arbalest "Giantbane" {penet, rF+ Will++
                  | Str-2 SInv}
 80204 | Vaults:5 | Got a silver rune of Zot
 81259 | Elf:2    | Bought a faintly humming cloak for 313 gold pieces
 81259 | Elf:2    | Identified the +1 cloak of Serendipity {-Tele Int-3 SInv
                  | Stlth+} (You bought it in a shop on level 2 of the Elven
                  | Halls)
 81360 | Orc:2    | Bought a scroll of teleportation for 33 gold pieces
 81360 | Orc:2    | Bought a scroll of immolation for 44 gold pieces
 81360 | Orc:2    | Bought a scroll of fear for 44 gold pieces
 81360 | Orc:2    | Bought a scroll of teleportation for 33 gold pieces
 81363 | Orc:2    | Bought a scroll of immolation for 48 gold pieces
 81363 | Orc:2    | Bought a scroll of revelation for 90 gold pieces
 81363 | Orc:2    | Bought a scroll of fog for 48 gold pieces
 81363 | Orc:2    | Bought a scroll of fog for 48 gold pieces
 81363 | Orc:2    | Bought a scroll of teleportation for 36 gold pieces
 81366 | Orc:2    | Bought a wand of paralysis (3) for 208 gold pieces
 81366 | Orc:2    | Bought a potion of curing for 87 gold pieces
 81366 | Orc:2    | Bought a scroll of fear for 116 gold pieces
 81366 | Orc:2    | Bought a potion of cancellation for 232 gold pieces
 81577 | D:10     | Bought 2 potions of cancellation for 432 gold pieces
 81577 | D:10     | Bought a scroll of poison for 108 gold pieces
 81824 | Zot:1    | Entered Level 1 of the Realm of Zot
 81825 | Zot:1    | Acquired 646 gold pieces
 82336 | Zot:1    | Noticed a dread lich
 82463 | Zot:1    | Noticed a dread lich
 82467 | Zot:1    | Killed a dread lich
 82547 | Zot:1    | Noticed a dread lich
 82555 | Zot:1    | Killed a dread lich
 82588 | Zot:1    | Killed a dread lich
 82599 | Zot:1    | Paralysed by a sphinx for 3 turns
 84317 | Zot:2    | Noticed a Killer Klown
 84343 | Zot:2    | Killed a Killer Klown
 84613 | Zot:2    | Reached XP level 25. HP: 204/217 MP: 31/49
 85238 | Zot:4    | Reached skill level 10 in Alchemy
 85724 | Zot:4    | Identified the +4 chain mail of Gluttony {rC+ Dex+4 Stlth+}
 86117 | Zot:4    | Identified the +10 arbalest of Pyahaen {freeze, rPois rC++
                  | Will- Str-4}
 86171 | Zot:4    | Reached skill level 10 in Necromancy
 86436 | Zot:5    | Entered Level 5 of the Realm of Zot
 86436 | Zot:5    | Noticed a Killer Klown
 86439 | Zot:5    | Killed a Killer Klown
 87412 | Zot:5    | Noticed an orb of fire
 87416 | Zot:5    | Killed an orb of fire
 87512 | Zot:5    | Noticed a dread lich
 87521 | Zot:5    | Killed a dread lich
 87803 | Zot:5    | Noticed an orb of fire
 87919 | Zot:5    | Killed an orb of fire
 88182 | Zot:5    | Noticed a dread lich
 88186 | Zot:5    | Killed a dread lich
 88699 | Zot:5    | Noticed a Killer Klown
 88704 | Zot:5    | Killed a Killer Klown
 88820 | Zot:5    | Noticed a Killer Klown
 88824 | Zot:5    | Killed a Killer Klown
 88863 | Zot:5    | Noticed a dread lich
 88867 | Zot:5    | Killed a dread lich
 88948 | Zot:5    | Noticed a dread lich
 88954 | Zot:5    | Noticed an orb of fire
 88957 | Zot:5    | Killed a dread lich
 88957 | Zot:5    | Gained mutation: You occasionally lose the ability to read
                  | scrolls when taking damage. [an orb of fire]
 89184 | Zot:5    | Killed an orb of fire
 89185 | Zot:5    | Lost mutation: Your flesh is heat resistant. (rF+) [potion
                  | of mutation]
 89185 | Zot:5    | Lost mutation: You are dopey. (Int -2) [potion of mutation]
 89185 | Zot:5    | Gained mutation: You have a somewhat thin skeletal
                  | structure. (Dex +2, Stealth+) [potion of mutation]
 89185 | Zot:5    | Gained mutation: You have large cloven feet. [potion of
                  | mutation]
 89186 | Zot:5    | Lost mutation: You occasionally lose the ability to read
                  | scrolls when taking damage. [potion of mutation]
 89186 | Zot:5    | Lost mutation: Your health recovers twice as slowly from
                  | being drained. [potion of mutation]
 89186 | Zot:5    | Lost mutation: You have large cloven feet. [potion of
                  | mutation]
 89186 | Zot:5    | Gained mutation: You expend magic power (3 MP) to
                  | strengthen your wands. [potion of mutation]
 89503 | Zot:5    | Noticed a dread lich
 89507 | Zot:5    | Killed a dread lich
 89532 | Zot:5    | Noticed a dread lich
 89539 | Zot:5    | Killed a dread lich
 89564 | Zot:5    | Noticed an orb of fire
 89566 | Zot:5    | Gained mutation: You are occasionally teleported next to
                  | monsters. [an orb of fire]
 89568 | Zot:5    | Killed an orb of fire
 89569 | Zot:5    | Reached XP level 26. HP: 226/226 MP: 23/49
 89612 | Zot:5    | Noticed an ancient lich
 89615 | Zot:5    | Noticed an ancient lich
 89730 | Zot:5    | Acquired 1348 gold pieces
 89787 | Zot:5    | Reached skill level 10 in Evocations
 89854 | Zot:5    | Killed an ancient lich
 89899 | Zot:5    | Killed an ancient lich
 89925 | Zot:5    | Got the Orb of Zot
 90474 | D:$      | Escaped with the Orb!

Illustrated notes

Levels and vault maps discovered:
D:1:      co_arrival_square_in_a_square_in_a_square, layout_loops_corners
D:2:      layout_loops_ring, serial_shops, nicolae_shop_hallway_plus,
          serial_glass, glass_columns_b, glass_columns_c, glass_columns_a,
          glass_columns_b, glass_columns_a, glass_columns_a, basic_altar
D:3:      layout_basic, minmay_quantized
D:4:      layout_gridville, serial_glass, glass_columns_c, glass_columns_c,
          minmay_misc_feat_nine_boxes
D:5:      layout_loops_ring, minmay_temple_entry_large_hall, hex_tiny,
          feat_on_display, uniq_sigmund
D:6:      layout_basic, uniq_blork_the_orc
D:7:      layout_loops_cross, nicolae_ru_the_path_less_chosen, serial_shops,
          shop, st_stairs_6
D:8:      layout_cave_pools, nicolae_overflow_hidden_temple
D:9:      layout_loops_ring
D:10:     layout_roguey, hellmonk_lair_entry_icy, serial_shops, shop,
          serial_undead, serial_undead_e, serial_undead_f, serial_undead_c,
          serial_undead_d, minmay_fire_ice_demons
D:11:     layout_rooms
D:12:     layout_irregular_city
D:13:     layout_loops_ring, erik_vaults_1
D:14:     layout_layer_cave, serial_ice, serial_ice_m, serial_ice_d,
          serial_ice_o, serial_ice_e, portal_ice_cave_entry_pillars_four,
          minmay_misc_feat_five
D:15:     hellmonk_depths_entry_around_the_bend, layout_irregular_city,
          serial_shops, shop, nicolae_sif_muna_little_library, uniq_josephine
Temple:   nicolae_temple_slightly_damp_pantheon
Lair:1:   layout_roguey
Lair:2:   layout_hall_layers, minmay_snake_entry_six_corridors,
          lemuel_fruit_tree, infiniplex_staircase_pool
Lair:3:   layout_loops_ring, nicolae_swamp_entry_splash_gauntlet,
          kennysheep_basilisk_garden
Lair:4:   layout_misc_corridors
Lair:5:   gammafunk_lair_ancient_temple, layout_gridlike,
          nicolae_slime_entry_field_trip, basic_altar, serial_bayou_lagoon_a
Swamp:1:  layout_falls_marsh, evilmike_swamp_ruin_house_6, uniq_nikola
Swamp:2:  layout_falls_marsh, gammafunk_ghost_grave,
          evilmike_swamp_ruin_house_2, nicolae_swamp_tree_isthmus,
          nicolae_swamp_long_stream
Swamp:3:  layout_basic_swamp, nicolae_swamp_small_spring, swamp_pool_3
Swamp:4:  swamp_old_school, layout_basic_swamp, swamp_pool_1_2
Snake:1:  layout_misc_corridors
Snake:2:  layout_misc_corridors, special_room, abandoned_shop, drop_trap,
          grunt_ministairs_15
Snake:3:  layout_concentric_octagons, basic_altar,
          nicolae_snake_guarding_the_ruins, grunt_megastairs_5, uniq_louise
Snake:4:  minmay_snake_end_coiled, layout_cave_town, serial_library,
          serial_library_hellmonk_h_bend, serial_library_hellmonk_layered_room,
          serial_library_hellmonk_h_bend, serial_library_hellmonk_metal_room,
          serial_library_hellmonk_long_bookcase, uniq_vashnia
Orc:1:    layout_diamond_mine, lightli_volcano_entry_magma_tube,
          nicolae_orc_crystal_geode
Orc:2:    st_orc_pillars, layout_diamond_mine, uniq_donald
Elf:1:    nicolae_elf_arrival_aired_out, layout_onion_city,
          hellmonk_ghost_happy_afterlife, serial_shops,
          nicolae_book_shop_shelving, small_statue_intersection, uniq_azrael,
          uniq_agnes, uniq_aizul
Elf:2:    nicolae_elf_blades_splatter_lattice [mumra_blade_entry_bloodbath],
          layout_rooms, serial_shops, nicolae_shop_rolling_square, shop,
          minivault_27, grunt_ministairs_14, palyth_stone_intersect,
          uniq_roxanne
Elf:3:    minmay_elf_hall_quartered_circle, layout_geoelf_octagon,
          hangedman_elven_pyramids
Vaults:1: gammafunk_ghost_crypt, kb_rosetta, nicolae_vaults_little_squares_4,
          ontoclasm_vaults_spin, nicolae_vaults_tangram_2,
          hangedman_vaults_restitches, hangedman_vaults_stretched_pinwheel,
          nicolae_vaults_more_shelving_2, nicolae_vaults_layer_cake_slice,
          vaults_room_door_hall, dpeg_vaults_monster_row, v_misc_1,
          layout_vaults_omnibox
Vaults:2: nicolae_vaults_yaktaur_gun_rack, ontoclasm_vaults_bender, v_misc_33,
          hangedman_vaults_stagger, hangedman_vaults_corner_blocks,
          vaults_mumra_minichess_inversion, hangedman_vaults_locks,
          vaults_standard_mumra_enter_the_diamond, nicolae_vaults_apartment_1,
          nicolae_vaults_rhombus_7, layout_vaults_ring, serial_shops,
          nicolae_shop_overgrown_old_shop
Vaults:3: nicolae_vaults_storage_closets_2, hangedman_vaults_river_flow,
          nicolae_vaults_little_squares_5,
          nicolae_vaults_disappearing_quadrants, vaults_room_pools,
          nicolae_vaults_ellipses_ellipsis, minmay_crypt_entry_simple_round,
          v_alt_pattern_1, nicolae_vaults_more_shelving_1,
          layout_vaults_omnigrid
Vaults:4: hangedman_vaults_hat, nicolae_vaults_shrinking_rooms_1, v_pattern_2,
          vaults_standard_mumra_lines, hangedman_vaults_impose,
          ontoclasm_vaults_eye, serial_library_regret_index_headful,
          hangedman_vaults_stream, nicolae_vaults_house_2, vaults_room_pool,
          layout_vaults_chaotic_city
Vaults:5
Depths:1: layout_gridlike, enter_ziggurat_f, pf_hell_entry_tar_river,
          kiku_gazebo_pond_becter, minmay_misc_feat_rugged, minivault_11,
          nicolae_specific_store, minmay_the_grid_2x2
          [minmay_the_grid_minigrid_medium, minmay_the_grid_artifice,
          minmay_the_grid_diamond_grid, minmay_the_grid_prize_four_corners],
          minmay_shop_grove
Depths:2: nicolae_fronds_of_death, layout_gridlike, minmay_curled_crystal,
          pan_entry, hell_entry, chequers_jeans, nzn_wu_jian_contemplation,
          infiniplex_staircase_pool_2
Depths:3: grunt_profane_halls [grunt_profane_temple_geh,
          grunt_profane_temple_dis, grunt_profane_temple_tar,
          grunt_profane_temple_coc, grunt_profane_loot], hell_entry,
          abyss_entry, uniq_mennas
Depths:4: grunt_zot_entry_gee_three, layout_twisted_cross, abyss_entry,
          grunt_dithmenos_smoke, hell_entry, dk_noncrumbling_2,
          kennysheep_kite_vault, uniq_grunn
Zot:1:    hellmonk_paralyzer, layout_concentric_octagons
Zot:2:    layout_concentric_octagons, uniq_josephina
Zot:3:    layout_gridlike, bh_zot_lava_cross
Zot:4:    layout_basic
Zot:5:    layout_gridlike, lemuel_flame_loot_1

Skill      XL: |  1  2  3  4  5  6  7  8  9 10 11 12 13 14 15 16 17 18 19 20 21 22 23 24 25 26 |
---------------+-------------------------------------------------------------------------------+-----
Conjurations   | 1 2 3 4 6 7 8 10 11 12 13 | 13.4
Summonings     | 2 |  2.0
Alchemy        | 1 2 3 4 5 6 7 8 9 11 | 11.4
Air Magic      | 1 2 3 5 7 11 14 | 14.3
Fighting       | 1 2 4 5 7 9 11 12 13 14 | 14.9
Short Blades   | 1 2 5 7 10 | 10.1
Translocations | 1 2 3 4 |  4.5
Spellcasting   | 4 5 7 10 11 12 13 14 | 14.9
Dodging        | 4 5 7 8 9 11 12 14 | 14.5
Stealth        | 5 6 7 8 9 10 12 | 12.3
Evocations     | 2 4 5 6 7 8 9 10 | 10.6
Throwing       | 2 3 4 5 6 |  6.9
Armour         | 1 2 3 4 6 7 |  7.3
Necromancy     | 5 7 8 11 12 | 12.4
Ice Magic      | 1 3 6 13 14 | 14.5
Shields        | 1 2 3 5 9 10 11 12 13 | 13.4
Fire Magic     | 4 7 8 9 10 | 10.8
Shapeshifting  | 4 9 14 | 14.9
Earth Magic    | 4 5 6 7 |  7.3

Action                     |  1- 3 |  4- 6 |  7- 9 | 10-12 | 13-15 | 16-18 | 19-21 | 22-24 | 25-27 || total
---------------------------+-------+-------+-------+-------+-------+-------+-------+-------+-------++-------
  Melee: Dagger            |    23 |    86 |   266 |   522 |   429 |       |       |       |       ||  1326
         Bite              |     1 |    11 |    36 |    73 |   102 |     1 |       |     2 |       ||   226
         Punch             |       |     1 |    11 |     8 |     7 |       |       |       |       ||    27
         Short sword       |       |       |       |       |   103 |    10 |       |       |       ||   113
         Double sword      |       |       |       |       |       |       |       |    11 |       ||    11
  Throw: Dart              |       |       |       |       |     4 |       |       |       |       ||     4
   Cast: Magic Dart        |    91 |    74 |   160 |   222 |   237 |       |       |       |       ||   784
         Call Imp          |     3 |     5 |     4 |    21 |     3 |       |       |       |       ||    36
         Mephitic Cloud    |     2 |     9 |    60 |    62 |   103 |       |       |       |       ||   236
         Dispel Undead     |       |       |       |    28 |    15 |    10 |    43 |    10 |     9 ||   115
         Mercury Vapours   |       |       |       |    31 |    41 |       |       |       |       ||    72
         Frozen Ramparts   |       |       |       |     2 |    36 |       |       |       |       ||    38
         Olgreb's Toxic Ra |       |       |       |       |   218 |     1 |       |       |       ||   219
         Blink             |       |       |       |       |     1 |     5 |     6 |     1 |       ||    13
         Fireball          |       |       |       |       |   210 |    76 |    49 |     8 |       ||   343
         Ozocubu's Refrige |       |       |       |       |       |   537 |   524 |   405 |   137 ||  1603
         Lee's Rapid Decon |       |       |       |       |       |    13 |    41 |    10 |       ||    64
         Irradiate         |       |       |       |       |       |    11 |    40 |    25 |     6 ||    82
         Borgnjor's Vile C |       |       |       |       |       |     8 |    17 |       |       ||    25
         Sublimation of Bl |       |       |       |       |       |       |    62 |   146 |    41 ||   249
         Plasma Beam       |       |       |       |       |       |       |    18 |   242 |    63 ||   323
         Orb of Destructio |       |       |       |       |       |       |     2 |    14 |       ||    16
         Passwall          |       |       |       |       |       |       |       |     2 |       ||     2
         Maxwell's Capacit |       |       |       |       |       |       |       |    29 |    38 ||    67
 Invoke: Curse Item        |       |       |     2 |     5 |     4 |     4 |     5 |     2 |       ||    22
         Shatter the Chain |       |       |       |       |     2 |     3 |     6 |     1 |       ||    12
  Evoke: Wand              |       |       |     1 |    24 |    31 |     5 |     4 |     5 |     4 ||    74
         Phial of floods   |       |       |       |       |     1 |     2 |     1 |       |       ||     4
         Lightning rod     |       |       |       |       |       |       |     6 |       |       ||     6
         Condenser vane    |       |       |       |       |       |       |     3 |     1 |       ||     4
    Use: Potion            |       |     3 |     4 |     3 |    10 |     3 |       |     8 |    17 ||    48
         Scroll            |       |     1 |     2 |     5 |    11 |     8 |     9 |    11 |     7 ||    54
   Stab: Sleeping          |     2 |     2 |     4 |     8 |     4 |       |       |     1 |       ||    21
         Confused          |     1 |     9 |    20 |    57 |    69 |       |       |       |       ||   156
         Distracted        |       |     2 |       |     6 |     1 |       |       |       |       ||     9
         Petrified         |       |       |       |       |     1 |       |       |       |       ||     1
         Paralysed         |       |       |       |       |     1 |       |       |     5 |       ||     6
 Armour: Robe              |    28 |    55 |   135 |   316 |   324 |    27 |    98 |    95 |    50 ||  1128
         Leather armour    |       |       |       |       |    39 |   106 |       |       |       ||   145
  Dodge: Dodged            |    18 |    51 |   136 |   348 |   419 |    80 |    79 |   146 |    75 ||  1352
  Block: Buckler           |       |       |       |       |    78 |    34 |       |       |       ||   112
         Kite shield       |       |       |       |       |       |    10 |   112 |   131 |    55 ||   308
         Reflection        |       |       |       |       |       |     1 |    18 |    30 |       ||    49

Table legend: (Time is in decaauts)
 A = Elapsed time spent in this place.
 B = Non-inter-level travel time spent in this place.
 C = Inter-level travel time spent in this place.
 D = Time resting spent in this place.
 E = Time spent auto-exploring this place.
 F = Levels seen in this place.
 G = Mean time per level.
                   A        B        C        D        E       F      G
               +--------+--------+--------+--------+--------+-----+--------+
         Total |  90631 |  82494 |   8137 |  16023 |  50501 |  55 | 1647.8 |
       Dungeon |  26532 |  22698 |   3834 |   3336 |  14617 |  15 | 1768.8 |
        Temple |     38 |      1 |     37 |      0 |      0 |   1 |   38.0 |
          Lair |   8456 |   7695 |    761 |    445 |   5518 |   5 | 1691.2 |
         Swamp |   4598 |   4410 |    188 |    640 |   3167 |   4 | 1149.5 |
     Snake Pit |   6919 |   6662 |    257 |    560 |   5090 |   4 | 1729.8 |
  Orcish Mines |   2940 |   2436 |    504 |     98 |   1423 |   2 | 1470.0 |
   Elven Halls |   6208 |   5770 |    438 |   1513 |   3143 |   3 | 2069.3 |
        Vaults |  12646 |  11421 |   1225 |   2054 |   7469 |   5 | 2529.2 |
        Depths |  10406 |   9782 |    624 |   2914 |   5423 |   4 | 2601.5 |
           Zot |   8222 |   7957 |    265 |   2862 |   3751 |   5 | 1644.4 |
         Abyss |    389 |    389 |      0 |     26 |      0 |   5 |   77.8 |
      Ice Cave |   2935 |   2935 |      0 |   1514 |    785 |   1 | 2935.0 |
       Volcano |    338 |    338 |      0 |     60 |    114 |   1 |  338.0 |
               +--------+--------+--------+--------+--------+-----+--------+

Top non-repeatable levels by time:
   Zot:5: 3495 daAuts
Depths:3: 3345 daAuts
 Snake:4: 3281 daAuts
   IceCv: 2935 daAuts
Vaults:4: 2868 daAuts
   Zot:1: 2797 daAuts
Vaults:5: 2744 daAuts
Vaults:1: 2673 daAuts
     D:5: 2667 daAuts
     D:4: 2582 daAuts
Depths:2: 2574 daAuts
     D:1: 2520 daAuts
Depths:1: 2362 daAuts
  Lair:5: 2360 daAuts
   Elf:2: 2289 daAuts
